 Dungeon Crawl Stone Soup version 0.28.0-43-g3370ac3207 (webtiles) character file.

Game seed: 16854857099678553023

3986 tizbic2 the Conjurer (level 10, -2/76 HPs)
             Began as a Vine Stalker Fighter on Mar 10, 2022.
             Was a Believer of Ashenzari.
             Slain by a wolf (4 damage)
             ... led by Grum
             ... on level 8 of the Dungeon.
             The game lasted 00:40:44 (6167 turns).

tizbic2 the Conjurer (Vine Stalker Fighter)         Turns: 6167, Time: 00:40:44

Health: -2/76      AC: 16    Str: 18    XL:     10   Next: 22%
Magic:  0/26       EV:  9    Int: 14    God:    Ashenzari [**....]
Gold:   35         SH:  5    Dex: 15    Spells: 17/18 levels left

rFire   . . .      SeeInvis +   p - staff of conjuration (curse) {Evo, Bglg}
rCold   + + .      Faith    .   c - +0 buckler of Ashenzari's Augurer {Melee, Bglg} (curse)
rNeg    + . .      Spirit   +   b - +1 scale mail of Panopticon {Evo, Fort} (curse)
rPois   .          Reflect  .   F - +2 helmet
rElec   .          Harm     .   (no cloak)
rCorr   .          Rampage  .   (no gloves)
Will    +....                   z - +1 pair of boots "Eternal Suspicion" {Elem, Bglg} (curse)
Stlth   ..........              w - amulet of regeneration
HPRegen 1.82/turn               t - ring of positive energy
MPRegen 0.20/turn               E - ring of magical power

@: mighty, berserking, lethally poisoned (-2 -> -31), very quick
A: fangs 3, regeneration 1, magic shield, antimagic bite, no potion heal 2,
iridescent scales 1, clever 1, cold resistance 2
a: Renounce Religion, Curse Item, Shatter the Chains


You were on level 8 of the Dungeon.
You worshipped Ashenzari.
Ashenzari was pleased with you.
You visited 1 branch of the dungeon, and saw 8 of its levels.

You collected 482 gold pieces.
You spent 447 gold pieces at shops.

Inventory:

Hand Weapons
 C - a +4 hand axe of freezing
Missiles
 e - 3 poisoned darts
 g - 146 stones
 i - 7 boomerangs
 u - 2 throwing nets
Armour
 b - the cursed +1 scale mail of Panopticon (worn) {Evo, Fort}

   It has a curse which improves the following skills: Evocations: Evocations.
   Fortitude: Armour and Shields.
 c - the cursed +0 buckler of Ashenzari's Augurer (worn) {Melee, Bglg}

   It has a curse which improves the following skills: Melee Combat: Short
   Blades, Long Blades, Axes, Maces & Flails, Polearms, Staves and Unarmed
   Combat.
   Beguiling: Conjurations, Hexes and Translocations.
 z - the cursed +1 pair of boots "Eternal Suspicion" (worn) {Elem, Bglg}
   (You found it on level 6 of the Dungeon)

   It has a curse which improves the following skills: Elements: Fire Magic, Ice
   Magic, Air Magic and Earth Magic.
   Beguiling: Conjurations, Hexes and Translocations.
 F - a +2 helmet (worn)
Magical Staves
 p - a cursed staff of conjuration (weapon) {Evo, Bglg}
Jewellery
 t - a ring of positive energy (left hand)
 w - an amulet of regeneration (around neck)
 A - a ring of fire
 E - a ring of magical power (right hand)
 I - an amulet of regeneration
Wands
 l - a wand of flame (36)
 o - a wand of charming (8)
 D - a wand of polymorph (10)
Scrolls
 f - 7 scrolls of teleportation
 m - 3 scrolls of fog
 n - a scroll of summoning
 q - a scroll of enchant weapon
 y - a scroll of magic mapping
 G - a scroll of fear
Potions
 a - 4 potions of curing
 d - 2 potions of might
 h - a potion of lignification
 j - 2 potions of flight
 k - a potion of ambrosia
 r - a potion of resistance
 s - 3 potions of invisibility
 v - 2 potions of mutation
 x - a potion of berserk rage
 B - a potion of brilliance
 H - a potion of cancellation


   Skills:
 + Level 5.2 Fighting
 - Level 3.8(5.0) Axes
 * Level 5.3(6.5) Staves
 + Level 4.8(6.0) Armour
 + Level 3.9(5.1) Shields
 + Level 4.6 Spellcasting
 * Level 6.2(8.7) Conjurations
 * Level 5.2(7.1) Evocations


You had 17 spell levels left.
You knew the following spells:

 Your Spells              Type           Power      Damage    Failure   Level
a - Magic Dart            Conj           100%       1d8       1%          1

Your spell library contained the following spells:

 Spells                   Type           Power      Damage    Failure   Level
 Slow                     Hex            16%        N/A       52%         1
 Ensorcelled Hibernation  Hex/Ice        6%         N/A       67%         2
 Confusing Touch          Hex            4%         N/A       87%         3
 Gell's Gravitas          Tloc           4%         N/A       87%         3
 Teleport Other           Tloc           4%         N/A       87%         3
 Summon Guardian Golem    Hex/Summ       3%         N/A       88%         3
 Spider Form              Tmut/Pois      3%         N/A       90%         3
 Vampiric Draining        Necr           3%         2d6       90%         3
 Anguish                  Hex/Necr       1%         N/A       99%         4
 Dispersal                Tloc           2%         N/A       100%        6
 Orb of Destruction       Conj           20%        9d8       100%        7
 Spellforged Servitor     Conj/Summ      11%        N/A       100%        7
 Disjunction              Tloc           2%         N/A       100%        8


Dungeon Overview and Level Annotations

Branches:
Dungeon (8/15)             Temple (0/1) D:4
   Lair: D:8-11

Altars:
Ashenzari
Dithmenos
Elyvilon
Hepliaklqana
Kikubaaqudgha
Ru
Uskayaw
Vehumet
Xom
Zin

Shops:
D:7 !(?*

Annotations:
D:3 2 transporters, TahmSelleck's ghost, amateur MiFi
D:8 Grum


Innate Abilities, Weirdness & Mutations

You have razor-sharp teeth.
Your natural rate of healing is unusually fast.
When hurt, damage is shared between your health and your magic reserves.
Your bite disrupts and absorbs the magic of your enemies.
Potions cannot restore your health.
You are partially covered in iridescent scales. (AC +2)
Your mind is acute. (Int +2)
Your flesh is very cold resistant. (rC++)


Message History

The wolf is moderately wounded.
You block the wolf's attack. x2; The wolf bites you but does no damage.
Grum hits you from afar with a +0 glaive of venom!
You are poisoned.
The wolf bites you. The wolf bites you but does no damage.
You feel very sick. The wolf bites you but does no damage.
The wolf closely misses you. Grum hits you but does no damage.
You are more poisoned.
You feel very sick.
Grum sniffs the air and quickly glances around.
The wolf barely misses you.
You feel very mighty all of a sudden.
You feel very sick. The wolf bites you! The wolf barely misses you.
The wolf bites you. The wolf completely misses you. Grum barely misses you.
You block the wolf's attack.
A red film seems to cover your vision as you go berserk!
You feel yourself moving faster!
You feel mighty!
You feel very sick. The wolf closely misses you.
The wolf bites you but does no damage. x2
The wolf closely misses you.
Grum hits you from afar with a +0 glaive of venom!!
You are more poisoned.
You miss the wolf. Your bite misses the wolf.
You feel very sick. You block the wolf's attack. The wolf bites you.
* * * LOW HITPOINT WARNING * * *
The wolf bites you.
* * * LOW HITPOINT WARNING * * *
You barely miss the wolf. Your bite misses the wolf.
You feel very sick. The wolf bites you but does no damage. The wolf bites you.
* * * LOW HITPOINT WARNING * * *
The wolf misses you.
Grum hits you from afar with a +0 glaive of venom!!
* * * LOW HITPOINT WARNING * * *
You are more poisoned.
The wolf barely misses you. The wolf bites you.
You die...

*,, + ,,####{####### , ,,
,,+...{#.....# ,,, ,, , ,
#...h'.....# ,,, ,+ ,,
#+#####....# #,, , ,..
##....# #########+###..
,#.....# .......#.....
,,##'#####
.......#...#######g.....#
.......#...#....@hh.....#
.......'...'....hh......#
.......##..#............#
##+#...$#..#............#
* #....#..#......#######
* #....#..#......#
#....#..#......#
#....#..#......# ,
#....####......#


You could see Grum and 4 wolves.

Vanquished Creatures
  Joseph (D:7)
  A komodo dragon (D:7)
  Prince Ribbit (D:7)
  2 water moccasins (D:7)
  3 ice beasts
  3 black bears
  4 sky beasts
  A necrophage (D:6)
  An ogre (D:5)
  2 centaurs (D:7)
  2 phantoms (D:4)
  Blork the orc (D:4)
  2 bullfrogs (D:7)
  2 wyvern zombies
  3 scorpions
  2 water moccasin skeletons
  4 wights (D:6)
  2 howler monkeys
  3 jellies
  A centaur zombie (D:5)
  3 hounds
  A centaur skeleton (D:4)
  An orc priest (D:5)
  3 iguanas
  5 orc wizards (D:5)
  A hound zombie (D:5)
  Robin (D:4)
  A howler monkey skeleton (D:5)
  11 adders
  4 gnolls (D:3)
  2 white imps (D:6)
  2 ufetubi
  An adder skeleton (D:4)
  A worm (D:3)
  3 dart slugs
  11 orcs
  5 endoplasms
  6 giant cockroaches
  17 goblins
  8 hobgoblins
  3 jackals (D:5)
  8 kobolds
  4 quokkas
  6 ball pythons
  6 bats
  A frilled lizard (D:2)
  A quokka skeleton (D:4)
  3 rats
160 creatures vanquished.

Vanquished Creatures (others)
  A phantom (D:7)
  2 bushes (D:5)
3 creatures vanquished.

Grand Total: 163 creatures vanquished

Notes
Turn   | Place    | Note
-------+----------+-------------------------------------------
     0 | D:1      | tizbic2 the Vine Stalker Fighter began the quest for the
                  | Orb.
     0 | D:1      | Reached XP level 1. HP: 11/11 MP: 2/2
    73 | D:1      | Reached XP level 2. HP: 12/16 MP: 3/3
   224 | D:1      | Found a faded altar of an unknown god.
   233 | D:1      | Got Plato's Incunabulum of Battle Magic
   234 | D:1      | Prayed at the altar of an unknown god.
   234 | D:1      | Became a worshipper of Ashenzari the Shackled
   395 | D:1      | Reached XP level 3. HP: 15/19 MP: 4/4
   607 | D:2      | Reached * piety under Ashenzari
   734 | D:2      | Gained mutation: You have hidden genetic defects. [potion
                  | of mutation]
   734 | D:2      | Gained mutation: Your muscles are strong. (Str +2) [potion
                  | of mutation]
   768 | D:2      | Gained mutation: Your body sometimes deteriorates upon
                  | taking damage. [hidden defects]
   972 | D:3      | Found a transporter.
   974 | D:3      | Noticed TahmSelleck's ghost (amateur MiFi)
   974 | D:3      | Identified the +3 great mace of Meptol {drain, Int+3}
   974 | D:3      | Noticed an ogre
   979 | D:3      | Found a transporter.
  1136 | D:3      | Gained mutation: You are dopey. (Int -2) [hidden defects]
  1136 | D:3      | Lost mutation: You have hidden genetic defects. [hidden
                  | defects expressed]
  1248 | D:3      | Found a sacrificial altar of Ru.
  1293 | D:3      | Gained mutation: Your natural rate of healing is unusually
                  | fast. [Vine Stalker growth]
  1293 | D:3      | Reached XP level 4. HP: 23/24 MP: 6/6
  1295 | D:3      | Lost mutation: Your body sometimes deteriorates upon taking
                  | damage. [potion of mutation]
  1295 | D:3      | Lost mutation: Your muscles are strong. (Str +2) [potion of
                  | mutation]
  1295 | D:3      | Lost mutation: You are dopey. (Int -2) [potion of mutation]
  1295 | D:3      | Gained mutation: Your flesh is cold resistant. (rC+)
                  | [potion of mutation]
  1295 | D:3      | Gained mutation: You are frail. (-10% HP) [potion of
                  | mutation]
  1295 | D:3      | Gained mutation: You have large cloven feet. [potion of
                  | mutation]
  1296 | D:3      | Lost mutation: You have large cloven feet. [potion of
                  | mutation]
  1296 | D:3      | Lost mutation: You are frail. (-10% HP) [potion of
                  | mutation]
  1296 | D:3      | Gained mutation: Your flesh is very cold resistant. (rC++)
                  | [potion of mutation]
  1296 | D:3      | Gained mutation: Your mind is acute. (Int +2) [potion of
                  | mutation]
  1296 | D:3      | Gained mutation: You are partially covered in iridescent
                  | scales. (AC +2) [potion of mutation]
  1476 | D:3      | Reached skill level 1 in Spellcasting
  1501 | D:3      | Reached ** piety under Ashenzari
  1544 | D:3      | Reached skill level 1 in Conjurations
  1733 | D:3      | Reached XP level 5. HP: 28/28 MP: 7/7
  1890 | D:4      | Found an ancient bone altar of Kikubaaqudgha.
  1899 | D:4      | Noticed Robin
  1905 | D:4      | Noticed a phantom
  1910 | D:4      | Killed Robin
  1920 | D:4      | Killed a phantom
  1921 | D:4      | Reached XP level 6. HP: 31/32 MP: 9/9
  1949 | D:4      | Found a staircase to the Ecumenical Temple.
  1962 | D:4      | Found a glowing silver altar of Zin.
  1963 | D:4      | Found a shimmering altar of Xom.
  1965 | D:4      | Found a hazy altar of Hepliaklqana.
  1967 | D:4      | Found a radiant altar of Vehumet.
  1968 | D:4      | Found a shadowy altar of Dithmenos.
  1968 | D:4      | Noticed a black bear
  1976 | D:4      | Killed a black bear
  1977 | D:4      | Reached skill level 2 in Conjurations
  2039 | D:4      | Learned a level 1 spell: Magic Dart
  2079 | D:4      | Reached XP level 7. HP: 36/36 MP: 11/11
  2125 | D:4      | Noticed Blork the orc
  2141 | D:4      | Killed Blork the orc
  2160 | D:4      | Reached skill level 1 in Staves
  2160 | D:4      | Reached skill level 1 in Evocations
  2476 | D:4      | Reached skill level 3 in Conjurations
  2486 | D:5      | Entered Level 5 of the Dungeon
  2949 | D:5      | Gained mutation: You have razor-sharp teeth. [Vine Stalker
                  | growth]
  2949 | D:5      | Reached XP level 8. HP: 41/42 MP: 9/13
  3126 | D:5      | Found a radiant altar of Vehumet.
  3255 | D:5      | Reached skill level 4 in Conjurations
  3395 | D:5      | Identified the +1 ring mail of the Wumpus {Stlth+}
  3476 | D:5      | Found a hide-covered altar of Uskayaw.
  3945 | D:6      | Found a white marble altar of Elyvilon.
  3956 | D:6      | Reached XP level 9. HP: 46/46 MP: 15/15
  4169 | D:6      | Reached skill level 5 in Conjurations
  4639 | D:7      | Found Riesujoeze's Weapon Shoppe.
  4906 | D:7      | Found Pivaus's General Store.
  4915 | D:7      | Reached *** piety under Ashenzari
  4924 | D:7      | Bought a ring of magical power for 320 gold pieces
  5247 | D:7      | Found Zuir's Distillery.
  5293 | D:7      | Bought a potion of curing for 42 gold pieces
  5302 | D:7      | Noticed a komodo dragon
  5356 | D:7      | Killed a komodo dragon
  5427 | D:7      | Noticed Prince Ribbit
  5441 | D:7      | Killed Prince Ribbit
  5442 | D:7      | Reached skill level 5 in Fighting
  5691 | D:7      | Reached XP level 10. HP: 51/51 MP: 17/17
  5754 | D:7      | Reached skill level 5 in Staves
  5793 | D:7      | Found Aneycopryu's Magic Scroll Shop.
  5802 | D:7      | Bought a scroll of fear for 35 gold pieces
  5802 | D:7      | Bought a scroll of fog for 20 gold pieces
  5802 | D:7      | Bought a scroll of teleportation for 30 gold pieces
  5812 | D:7      | Noticed Joseph
  5828 | D:7      | Reached skill level 5 in Evocations
  5840 | D:7      | Killed Joseph
  5841 | D:7      | Reached skill level 6 in Conjurations
  6148 | D:8      | Noticed Grum
  6167 | D:8      | HP: 2/76 [Grum/+0 glaive of venom (12)]
  6167 | D:8      | Slain by a wolf

Illustrated notes

Levels and vault maps discovered:
D:1:      saegor_arrival_simple_d, layout_basic,
          shapermc_ecumenical_altar_rom_forum
D:2:      layout_basic, minmay_quadrilaterals
D:3:      layout_basic, nicolae_ru_awakened_eye, gammafunk_ghost_smash,
          minmay_misc_feat_alley, minmay_misc_feat_five
D:4:      minmay_razor_zed, layout_basic, mainiacjoe_overflow_small_starburst,
          grunt_temple_overflow_open, minmay_temple_entry_large_hall,
          minmay_ruptured, uniq_robin, uniq_blork_the_orc
D:5:      lemuel_ice_spiral_2, layout_basic, minmay_hedge_maze,
          hangedman_feature_mirror, patterned_corridor
D:6:      layout_basic, nicolae_elyvilon_peaceful_grove,
          grunt_decor_mini_mirrors, nicolae_sextant
D:7:      layout_basic, serial_shops, nicolae_shop_bloodbath_and_beyond,
          nicolae_square_shop, nicolae_shop_advertising_works
          [nicolae_subvault_shop_adworks], nicolae_shop_trees,
          chequers_serial_rivers_small_a, uniq_prince_ribbit1, uniq_joseph
D:8:      layout_gridville, old_standard_altar, uniq_grum

Skill      XL: |  1  2  3  4  5  6  7  8  9 10 |
---------------+-------------------------------+-----
Axes           | 2 3 |  3.8
Shields        | 3 |  3.9
Fighting       | 3 4 5 |  5.2
Spellcasting   | 1 2 3 4 |  4.6
Conjurations   | 1 2 3 4 5 6 |  6.2
Armour         | 3 4 |  4.8
Staves         | 2 3 4 5 |  5.3
Evocations     | 2 3 4 5 |  5.2

Action                   |  1- 3 |  4- 6 |  7- 9 | 10-12 || total
-------------------------+-------+-------+-------+-------++-------
Melee: War axe           |   104 |    83 |       |       ||   187
       Bite              |    20 |    29 |   125 |    10 ||   184
       Staff             |       |    17 |   408 |    50 ||   475
Throw: Dart              |     1 |       |       |       ||     1
       Stone             |    11 |       |       |       ||    11
       Boomerang         |       |     4 |     5 |       ||     9
 Cast: Magic Dart        |       |       |    93 |     7 ||   100
Invok: Curse Item        |     2 |     1 |     3 |       ||     6
       Shatter the Chain |       |     1 |     1 |       ||     2
  Use: Potion            |     1 |     2 |     1 |     2 ||     6
       Scroll            |     1 |       |     1 |       ||     2
Armor: Scale mail        |    51 |    59 |   196 |    37 ||   343
Dodge: Dodged            |    50 |    49 |   151 |    28 ||   278
Block: Buckler           |    27 |    34 |    91 |    23 ||   175
